 Dungeon Crawl Stone Soup version 0.20.1-1-g8b1a95d (webtiles) character file.

484 Piramida the Basher (level 6, -13/51 HPs)
             Began as a Minotaur Berserker on Nov 9, 2017.
             Was a Priest of Trog.
             Killed from afar by manon's ghost (15 damage)
             ... with a flame tongue
             ... on level 4 of the Dungeon.
             The game lasted 00:08:10 (2903 turns).

Piramida the Basher (Minotaur Berserker)            Turns: 2903, Time: 00:08:11

Health: -13/51     AC: 11    Str: 24    XL:     6   Next: 88%
Magic:  5/5        EV:  7    Int:  4    God:    Trog [***...]
Gold:   191        SH:  0    Dex:  9    Spells: 5/5 levels left

rFire    . . .     SeeInvis .   i - +1 whip (elec)
rCold    . . .     Gourm    .   (no shield)
rNeg     . . .     Faith    .   q - +0 plate armour
rPois    .         Spirit   .   (helmet restricted)
rElec    .         Reflect  .   (no cloak)
rCorr    .         Harm     .   (no gloves)
MR       .....                  (no boots)
Stlth    ..........             (no amulet)
Regen    0.2/turn               (no ring)
MPRegen  0.1/turn               (no ring)

@: berserk cooldown, hasted and slowed
A: retaliatory headbutt, horns 2
a: Berserk, Trog's Hand, Burn Spellbooks, Renounce Religion


You were on level 4 of the Dungeon.
You worshipped Trog.
Trog was most pleased with you.
You were very hungry.

You visited 1 branch of the dungeon, and saw 4 of its levels.

You collected 191 gold pieces.

Inventory:

Hand Weapons
 i - a +1 whip of electrocution (weapon)
 n - a +0 whip of freezing
Armour
 q - a +0 plate armour (worn)
Scrolls
 d - 4 scrolls of identify
 e - a scroll of fear
 h - 3 scrolls of remove curse
Potions
 f - a potion of curing
 g - a potion of agility {unknown}
 j - a potion of haste
 k - a potion of magic {unknown}
Comestibles
 a - a chunk of flesh
 b - a meat ration
 c - 4 bread rations
 l - a royal jelly
 m - 2 fruits


   Skills:
 - Level 3.6 Fighting
 * Level 9.4 Maces & Flails
 - Level 2.4 Armour
 - Level 2.1 Dodging


You had 5 spell levels left.
You didn't know any spells.

Dungeon Overview and Level Annotations

Branches:
Dungeon (4/15)
 Temple: D:4-7

Altars:
Makhleb
Okawaru

Annotations:
D:4 manon's ghost, amateur GrFE


Innate Abilities, Weirdness & Mutations

You reflexively headbutt those who attack you in melee.
You have a pair of horns on your head.


Message History

The flame tongue misses you.
You hit manon's ghost.
Manon's ghost is almost destroyed.
Manon's ghost points at you and mumbles some strange words.
The flame tongue hits you!
* * * LOW HITPOINT WARNING * * *
Manon's ghost points at you and mumbles some strange words.
The flame tongue hits you!
* * * LOW HITPOINT WARNING * * *
Manon's ghost gestures at you while chanting.
The flame tongue misses you.
Manon's ghost gestures at you while chanting.
The flame tongue hits you!
* * * LOW HITPOINT WARNING * * *
There is a stone staircase leading up here.
It was a potion of haste.
You feel yourself speed up. Manon's ghost barely misses you.
Manon's ghost gestures at you while chanting.
The flame tongue hits you!
You die...

#####
#.@.+
#.W.#
#...#
##.[.##
#.....#
+.....#
###..##
#..####...
+....'....


You could see manon's ghost.

Vanquished Creatures
  Eustachio (D:4)
  A centaur (D:3)
  A hound (D:3)
  2 orc wizards (D:3)
  A worker ant (D:3)
  2 gnolls (D:2)
  4 adders
  An ooze (D:1)
  2 worms
  4 leopard geckos
  9 orcs (D:3)
  4 bats
  5 giant cockroaches
  11 goblins
  10 hobgoblins
  7 jackals (D:2)
  14 kobolds
  2 quokkas
  2 frilled lizards
  6 rats
89 creatures vanquished.

Notes
Turn   | Place    | Note
-------+----------+-------------------------------------------
     0 | D:1      | Piramida the Minotaur Berserker began the quest for the Orb.
     0 | D:1      | Reached XP level 1. HP: 19/19 MP: 0/0
    31 | D:1      | Reached skill level 4 in Maces & Flails
    93 | D:1      | Reached XP level 2. HP: 25/26 MP: 1/1
   543 | D:1      | Reached skill level 5 in Maces & Flails
   573 | D:1      | Reached XP level 3. HP: 28/31 MP: 2/2
  1211 | D:2      | Reached ** piety under Trog
  1569 | D:2      | Found an iron altar of Okawaru.
  1578 | D:2      | Reached XP level 4. HP: 32/39 MP: 3/3
  1585 | D:2      | Reached skill level 6 in Maces & Flails
  1896 | D:3      | Reached XP level 5. HP: 33/45 MP: 4/4
  1898 | D:3      | Reached skill level 7 in Maces & Flails
  2064 | D:3      | Noticed a centaur
  2077 | D:3      | Killed a centaur
  2077 | D:3      | Reached *** piety under Trog
  2077 | D:3      | Reached skill level 8 in Maces & Flails
  2322 | D:3      | Reached XP level 6. HP: 44/51 MP: 5/5
  2507 | D:3      | Found a burning altar of Makhleb.
  2822 | D:4      | Noticed Eustachio
  2827 | D:4      | Killed Eustachio
  2827 | D:4      | Reached skill level 9 in Maces & Flails
  2833 | D:4      | Noticed manon's ghost (amateur GrFE)
  2899 | D:4      | HP: 1/51 [manon's ghost/flame tongue (10)]
  2903 | D:4      | Killed from afar by manon's ghost

Skill      XL: |  1  2  3  4  5  6 |
---------------+-------------------+-----
Maces & Flails | 4 5 6 8 9 |  9.4
Fighting       | |  3.6
Armour         | |  2.4
Dodging        | |  2.1

Action                   |  1- 3 |  4- 6 || total
-------------------------+-------+-------++-------
Melee: Mace              |    35 |       ||    35
       Headbutt          |     9 |    17 ||    26
       Whip              |    43 |   132 ||   175
Invok: Berserk           |     1 |     2 ||     3
  Use: Scroll            |     1 |     5 ||     6
       Potion            |       |     2 ||     2
  Eat: Chunk             |     3 |     5 ||     8
Armor: Leather armour    |     9 |       ||     9
       Animal skin       |     1 |       ||     1
       Plate armour      |    28 |    57 ||    85
Dodge: Dodged            |    39 |    38 ||    77
